 Dungeon Crawl Stone Soup version 0.26.0-10-g1f06aea511 (webtiles) character file.

Game seed: 1900263848867991384

1785 inc the Jinx (level 8, 0/34 HPs)
             Began as a Felid Enchanter on Feb 1, 2021.
             Was an Initiate of Gozag.
             Slain by a two-headed ogre (12 damage)
             ... on level 9 of the Dungeon.
             The game lasted 00:24:17 (16665 turns).

inc the Jinx (Felid Enchanter)                     Turns: 16665, Time: 00:24:17

Health: 0/34       AC:  2    Str:  4    XL:     8   Next: 81%
Magic:  6/12       EV: 36    Int: 17    God:    Gozag
Gold:   1507       SH:  0    Dex: 20    Spells: 0/11 levels left
                                        Lives:  0   Deaths: 3

rFire    . . .     SeeInvis +     - Unarmed
rCold    . . .     Faith    .   (shield unavailable)
rNeg     . . .     Spirit   .   (armour unavailable)
rPois    .         Reflect  .   (helmet unavailable)
rElec    .         Harm     .   (cloak unavailable)
rCorr    +         Rampage  .   (gloves unavailable)
Will     +....                  (boots unavailable)
Stlth    ++++......             q - amulet of the acrobat
HPRegen  0.11/turn              e - ring of resist corrosion
MPRegen  0.13/turn              (no ring)

@: confusing touch, acrobat, quick
A: very small, no armour, no weapons or thrown items, stealth, claws 1, fangs 3,
see invisible, speed 1, shaggy fur 2, sharp paws
a: Renounce Religion, Potion Petition, Call Merchant, Bribe Branch


You were on level 9 of the Dungeon.
You worshipped Gozag.
Gozag was most pleased with you.
You visited 1 branch of the dungeon, and saw 10 of its levels.

You collected 1796 gold pieces.
You paid 289 gold pieces to Gozag.

Inventory:

Jewellery
 e - a ring of resist corrosion (left paw)
 q - an amulet of the acrobat (around neck)
 z - an uncursed amulet of guardian spirit
 B - an uncursed amulet of reflection
Wands
 h - a wand of paralysis (5)
 k - a wand of disintegration (34)
 m - a wand of random effects (14)
 r - a wand of iceblast (12)
 w - a wand of flame (28)
Scrolls
 a - 3 scrolls of magic mapping
 c - 4 scrolls of teleportation
 d - 2 scrolls of enchant weapon
 f - 4 scrolls of identify
 g - a scroll of amnesia
 i - 3 scrolls of random uselessness
 l - 2 scrolls of remove curse
 n - a scroll of blinking
 o - a scroll of fear {unknown}
 u - a scroll of summoning {unknown}
 x - a scroll of fog {unknown}
 y - a scroll of immolation {unknown}
Potions
 j - 3 potions of curing
 p - a potion of magic {unknown}
 s - a potion of invisibility
 t - 3 potions of might
 v - 2 potions of haste {unknown}
 C - a potion of brilliance {unknown}
Miscellaneous
 A - a condenser vane


   Skills:
 - Level 3.3 Fighting
 - Level 5.3 Dodging
 - Level 6.4 Stealth
 - Level 5.0 Unarmed Combat
 - Level 2.0 Spellcasting
 + Level 7.2 Conjurations
 + Level 14.5 Hexes
 - Level 3.3 Ice Magic


You couldn't memorise any spells.
You knew the following spells:

 Your Spells              Type           Power        Failure   Level
a - Tukima's Dance        Hex            50%          1%          3
b - Ensorcelled Hibernat  Hex/Ice        64%          1%          2
c - Confusing Touch       Hex            50%          1%          3
d - Dazzling Flash        Conj/Hex       76%          1%          3

Your spell library contained the following spells:

 Spells                   Type           Power        Failure   Level
 Corona                   Hex            55%          1%          1
 Magic Dart               Conj           100%         1%          1
 Searing Ray              Conj           52%          1%          2
 Fulminant Prism          Conj/Hex       19%          2%          4
 Iskenderun's Mystic Bla  Conj/Tloc      13%          41%         4


Dungeon Overview and Level Annotations

Branches:
Dungeon (10/15)            Temple (0/1) D:4
   Lair: D:8-11         Orc: D:9-12

Altars:
Gozag
Kikubaaqudgha
Makhleb
Okawaru
Qazlal
Sif Muna
Vehumet
Wu Jian
Xom
Yredelemnul
Zin
Beogh

Shops:
D:4 *   D:6 *

Annotations:
D:9 1 transporter, Galthrax's ghost, novice DrCj


Innate Abilities, Weirdness & Mutations

You cannot wear armour.
You are incapable of wielding weapons or throwing items.
Your paws allow you to move quietly. (Stealth)
You have sharp claws.
You have razor-sharp teeth.
You have supernaturally acute eyesight. (SInv)
You cover ground quickly.
You are covered in thick fur. (AC +2)
Your sharp claws are effective at attacking unaware monsters.


Message History

Aim: a two-headed ogre (wandering, hasn't noticed you, chance to affect: 43%)
The two-headed ogre shouts in stereo!
The two-headed ogre looks drowsy...
The helpless two-headed ogre fails to defend itself.
You mangle the two-headed ogre!!
The two-headed ogre is severely wounded.
The two-headed ogre completely misses you. x2
You see here a +0 dagger.
Casting: Ensorcelled Hibernation (safe; 1% risk of failure)
Confirm with . or Enter, or press ? or * to list all spells.
Your paws begin to glow red.
You scratch the two-headed ogre but do no damage.
The two-headed ogre is heavily wounded.
The two-headed ogre hits you! The two-headed ogre misses you.
There is an open door here.
Casting: Confusing Touch (safe; 1% risk of failure)
Confirm with . or Enter, or press ? or * to list all spells.
The two-headed ogre hits you!
You die...
Your body crumbles into a pile of gold.

........####........# ###.#.#.##
........##.'........# #...#.#...
........##.#........# ##.#.#.####
#.......'..#........###..#...#...
#.......####........'...#######O#
##.###### #........##### ##...#
.#.# ###(###### #..### .#.#
#.#### #.## .#.# #..@.## ####.###
##.# ####O.# #......# #..#
#########'######......# #.##
#............#........##
..########'#'......)..#.#........
.........#_##........>#.#......##
..########+##.........#.#......##
.## #.##.........#.#([....# .#
#............'.#......#


You could see a two-headed ogre.

Vanquished Creatures
  A moth of wrath (D:9)
  Joseph (D:9)
  A hornet (D:9)
  2 yaks (D:10)
  A water moccasin (D:8)
  2 sky beasts
  6 orc warriors
  2 centaurs
  4 ogres
  A big kobold (D:8)
  5 bullfrogs
  2 scorpions
  8 killer bees
  16 wights
  2 howler monkeys (D:7)
  2 quasits
  2 bullfrog zombies
  A centaur zombie (D:6)
  4 hounds
  8 orc wizards
  5 orc priests
  Jessica (D:7)
  6 iguanas
  9 worker ants
  A hound skeleton (D:9)
  3 worker ant zombies
  2 howler monkey zombies
  8 adders
  4 gnolls (D:9)
  3 shadow imps
  2 ufetubi
  3 oozes
  An adder skeleton (D:8)
  2 worms
  2 dart slugs
  3 leopard geckos
  25 orcs
  A ball python (D:1)
  4 giant cockroaches
  5 goblins
  5 hobgoblins
  6 jackals
  12 kobolds
  2 quokkas
  9 bats
  3 frilled lizards
  A jackal zombie (D:7)
  2 quokka skeletons
  2 quokka zombies
  6 rats
209 creatures vanquished.

Vanquished Creatures (collateral kills)
  6 wights
6 creatures vanquished.

Vanquished Creatures (others)
  2 dancing weapons
  A wyvern (D:9)
3 creatures vanquished.

Grand Total: 218 creatures vanquished

Notes
Turn   | Place    | Note
-------+----------+-------------------------------------------
     0 | D:1      | inc the Felid Enchanter began the quest for the Orb.
     0 | D:1      | Reached XP level 1. HP: 7/7 MP: 4/4
   361 | D:1      | Reached XP level 2. HP: 11/11 MP: 6/6
   429 | D:1      | Learned a level 2 spell: Ensorcelled Hibernation
   649 | D:1      | You fall into a shaft and drop 1 floor!
   721 | D:2      | Found a glowing silver altar of Zin.
   848 | D:3      | Reached XP level 3. HP: 14/14 MP: 7/7
  1165 | D:3      | Learned a level 3 spell: Confusing Touch
  1831 | D:1      | Reached XP level 4. HP: 16/18 MP: 5/8
  2111 | D:2      | Found an opulent altar of Gozag.
  2117 | D:2      | Reached skill level 1 in Ice Magic
  2205 | D:2      | Reached skill level 5 in Hexes
  2360 | D:2      | Became a worshipper of Gozag Ym Sagoz the Greedy
  2561 | D:2      | Found an iron altar of Okawaru.
  2748 | D:3      | Noticed an air elemental
  2750 | D:3      | Found a stormy altar of Qazlal.
  2751 | D:3      | Noticed a fire elemental
  2751 | D:3      | Noticed a water elemental
  2751 | D:3      | Noticed an earth elemental
  3780 | D:4      | Reached XP level 5. HP: 21/21 MP: 4/9
  3888 | D:4      | Reached skill level 6 in Hexes
  3952 | D:4      | Gained mutation: You are covered in thick fur. (AC +2)
                  | [Felid growth]
  3952 | D:4      | Reached XP level 6. HP: 24/24 MP: 7/10
  4072 | D:4      | Found Xollacio's Assorted Antiques.
  4088 | D:4      | Found a staircase to the Ecumenical Temple.
  4240 | D:5      | Entered Level 5 of the Dungeon
  4271 | D:5      | Reached skill level 7 in Hexes
  4902 | D:5      | Reached skill level 8 in Hexes
  5212 | D:5      | Reached XP level 7. HP: 22/27 MP: 6/11
  5216 | D:5      | Reached skill level 9 in Hexes
  6093 | D:5      | Reached skill level 10 in Hexes
  6491 | D:6      | Found Ofikk's Assorted Antiques.
  6516 | D:6      | Slain by a scorpion
  6517 | D:6      | Reached XP level 6. HP: -4/24 MP: 5/10
  6525 | D:6      | Found a basalt altar of Yredelemnul.
  6588 | D:6      | Noticed an orc warrior
  6653 | D:6      | Killed an orc warrior
  6654 | D:6      | Reached skill level 1 in Fighting
  6654 | D:6      | Reached XP level 7. HP: 16/28 MP: 2/11
  6942 | D:6      | Reached skill level 5 in Stealth
  7830 | D:6      | Reached XP level 8. HP: 34/34 MP: 4/12
  8063 | D:6      | Reached skill level 5 in Dodging
  8444 | D:6      | Reached skill level 5 in Unarmed Combat
  8758 | D:6      | Learned a level 3 spell: Tukima's Dance
  8762 | D:6      | Learned a level 3 spell: Dazzling Flash
  8943 | D:6      | Reached skill level 1 in Conjurations
  9291 | D:7      | Reached skill level 11 in Hexes
  9408 | D:7      | Found a roughly hewn altar of Beogh.
 10109 | D:7      | Reached XP level 9. HP: 22/36 MP: 9/13
 10615 | D:7      | Reached skill level 12 in Hexes
 11951 | D:7      | Noticed Jessica
 11966 | D:7      | Killed Jessica
 11999 | D:7      | Found a shimmering blue altar of Sif Muna.
 12156 | D:7      | Found an ornate altar of the Wu Jian Council.
 12205 | D:7      | Reached skill level 5 in Conjurations
 12463 | D:8      | Found a radiant altar of Vehumet.
 12656 | D:8      | Reached skill level 13 in Hexes
 13126 | D:8      | Found a shimmering altar of Xom.
 13247 | D:8      | Found a burning altar of Makhleb.
 13740 | D:9      | Noticed Joseph
 14525 | D:9      | Found a transporter.
 14615 | D:9      | Found an ancient bone altar of Kikubaaqudgha.
 14671 | D:9      | Noticed a moth of wrath
 14679 | D:9      | Found a transporter.
 14683 | D:9      | Noticed Galthrax's ghost (novice DrCj)
 14745 | D:9      | Killed a moth of wrath
 14746 | D:9      | Reached XP level 10. HP: 39/42 MP: 11/14
 15059 | D:10     | Entered Level 10 of the Dungeon
 15104 | D:10     | Noticed a two-headed ogre
 15361 | D:10     | Reached skill level 14 in Hexes
 15413 | D:10     | Slain by a two-headed ogre
 15414 | D:10     | Reached XP level 9. HP: -5/36 MP: 4/13
 15799 | D:9      | HP: 1/36 [Joseph/puff of flame (11)]
 15802 | D:9      | Slain by Joseph
 15803 | D:9      | Reached XP level 8. HP: 0/32 MP: 8/12
 15857 | D:9      | Killed Joseph
 16665 | D:9      | Slain by a two-headed ogre

Illustrated notes

Levels and vault maps discovered:
D:1:      beargit_arrival_greenhouse, layout_loops_corners
D:2:      layout_rooms, nicolae_gozag_seed_capital,
          chequers_temple_overflow_statue_of_worship
D:3:      layout_basic, nicolae_qazlal_style_of_elements
D:4:      layout_basic, minmay_temple_entry_poolview, serial_shops,
          nicolae_shop_stone
D:5:      layout_basic
D:6:      layout_basic, lemuel_round_altar, serial_shops, shop
D:7:      layout_basic, tgw_sif, marbit_many_paths, david_defended_altar_orc
D:8:      layout_cave_pods, vehumet_altar_wand_db, xom_teletrap_fun,
          bloody_makhleb, st_stairs_13
D:9:      layout_roguey, kennysheep_mini, gammafunk_ghost_berserking_beasts,
          uniq_joseph
D:10:     layout_rooms, hangedman_decor_points

Skill      XL: |  1  2  3  4  5  6  7  8  9 10 |
---------------+-------------------------------+-----
Unarmed Combat | 2 3 4 5 |  5.0
Ice Magic      | 1 3 |  3.3
Hexes          | 5 6 8 10 11 13 14 | 14.5
Fighting       | 1 2 3 |  3.3
Dodging        | 3 4 5 |  5.3
Stealth        | 5 6 |  6.4
Conjurations   | 7 6 |  7.2
Spellcasting   | |  2.0

Action                   |  1- 3 |  4- 6 |  7- 9 | 10-12 || total
-------------------------+-------+-------+-------+-------++-------
Melee: Unarmed           |    64 |   114 |   418 |    35 ||   631
       Bite              |     3 |     8 |    44 |     4 ||    59
       Punch             |     2 |     3 |     4 |     1 ||    10
 Cast: Corona            |     1 |       |       |       ||     1
       Ensorcelled Hiber |    16 |    44 |   148 |     3 ||   211
       Confusing Touch   |       |     3 |    38 |     5 ||    46
       Tukima's Dance    |       |       |    12 |     6 ||    18
       Dazzling Flash    |       |       |     7 |       ||     7
Invok: Potion Petition   |       |       |     1 |       ||     1
  Use: Potion            |       |       |     6 |       ||     6
       Scroll            |       |       |    13 |     1 ||    14
 Stab: Sleeping          |    24 |    33 |    93 |     3 ||   153
       Confused          |       |     4 |    38 |     1 ||    43
       Distracted        |       |       |     1 |       ||     1
       Invisible         |       |       |     6 |     1 ||     7
Armor: Skin              |    10 |     4 |    22 |     2 ||    38
Dodge: Dodged            |    75 |   103 |   464 |    59 ||   701
